 Dungeon Crawl Stone Soup version 0.29-a0-383-g8b6f518c11 (webtiles) character file.

Game seed: 10230514828118505767

2837 Bruhh the Carver (level 10, -10/72 HPs)
             Began as a Human Monk on May 6, 2022.
             Was an Elder of Hepliaklqana.
             Mangled by an orc wizard
             ... wielding a +4 dagger of distortion
              (17 damage)
             ... on level 8 of the Dungeon.
             The game lasted 00:24:13 (8840 turns).

Bruhh the Carver (Human Monk)                       Turns: 8840, Time: 00:24:13

Health: -10/72     AC:  2    Str: 11    XL:     10   Next: 3%
Magic:  0/14       EV: 13    Int: 12    God:    Hepliaklqana [****..]
Gold:   422        SH:  0    Dex: 19    Spells: 9/9 levels left

rFire   . . .      SeeInvis .   i - +2 short sword (speed)
rCold   . . .      Faith    .   (no shield)
rNeg    . . .      Spirit   +   b - +0 robe
rPois   .          Reflect  .   (no helmet)
rElec   .          Harm     .   (no cloak)
rCorr   .          Rampage  .   (no gloves)
Will    .....                   (no boots)
Stlth   ++........              n - amulet of guardian spirit
HPRegen 0.22/turn               (no ring)
MPRegen 0.14/turn               (no ring)

@: no status effects
A: reduced essence
a: Renounce Religion, Recall Ancestor, Ancestor Identity, Transference, Idealise


You were on level 8 of the Dungeon.
You worshipped Hepliaklqana.
Hepliaklqana was greatly pleased with you.
You visited 1 branch of the dungeon, and saw 8 of its levels.

You collected 422 gold pieces.

Inventory:

Hand Weapons
 a - a +0 falchion
 i - a +2 short sword of speed (weapon)
 w - a +1 dagger of draining
 I - a +2 dire flail of protection
Missiles
 J - a throwing net (quivered)
Armour
 b - a +0 robe (worn)
Jewellery
 e - an amulet of reflection
 n - an amulet of guardian spirit (around neck)
 A - a ring of flight
 B - an amulet of the acrobat
Wands
 D - a wand of flame (17)
Scrolls
 f - 2 scrolls of immolation {unknown}
 g - 8 scrolls of identify {unknown}
 h - 2 scrolls of brand weapon {unknown}
 j - 2 scrolls of enchant weapon {unknown}
 o - 4 scrolls of fear {unknown}
 p - 6 scrolls of teleportation {unknown}
 r - a scroll of amnesia {unknown}
 s - 3 scrolls of vulnerability {unknown}
 y - a scroll of blinking {unknown}
 C - a scroll of torment {unknown}
 E - a scroll of enchant armour {unknown}
 G - 2 scrolls of poison {unknown}
Potions
 c - a potion of berserk rage {unknown}
 d - a potion of flight {unknown}
 l - a potion of resistance {unknown}
 m - 2 potions of curing
 q - 3 potions of haste {unknown}
 t - 2 potions of magic {unknown}
 u - 3 potions of mutation {unknown}
 v - 2 potions of attraction {unknown}
 x - 4 potions of brilliance {unknown}
 z - 3 potions of degeneration {unknown}
 F - a potion of lignification {unknown}
 H - a potion of invisibility {unknown}


   Skills:
 + Level 7.8 Fighting
 - Level 10.0 Long Blades
 - Level 3.0 Dodging
 - Level 2.0 Stealth
 - Level 6.0 Invocations


You had 9 spell levels left.
You didn't know any spells.
Your spell library contained the following spells:

 Spells                   Type           Power      Damage    Failure   Level
 Scorch                   Fire           0%         2d5       45%         2
 Static Discharge         Conj/Air       0%         N/A       45%         2
 Ozocubu's Armour         Ice            0%         N/A       69%         3
 Stone Arrow              Conj/Erth      0%         3d7       69%         3
 Animate Armour           Summ/Erth      0%         N/A       97%         4
 Flame Wave               Conj/Fire      0%         2d4       97%         4
 Iskenderun's Battlesphe  Conj           0%         2d6       100%        5
 Lightning Bolt           Conj/Air       0%         1d11      100%        5
 Metabolic Englaciation   Hex/Ice        0%         N/A       100%        5
 Iron Shot                Conj/Erth      0%         9d1       100%        6
 Simulacrum               Ice/Necr       0%         N/A       100%        6
 Summon Cactus Giant      Summ           0%         N/A       100%        6
 Spellforged Servitor     Conj/Summ      0%         N/A       100%        7
 Lehudib's Crystal Spear  Conj/Erth      0%         10d2      100%        8
 Maxwell's Capacitive Co  Air            0%         ∞         100%        8


Dungeon Overview and Level Annotations

Branches:
Dungeon (8/15)             Temple (0/1) D:6
   Lair: D:8-11

Altars:
Dithmenos
Hepliaklqana
Qazlal
Ru
Sif Muna
Wu Jian

Shops:
D:1 [   D:2 =   D:4 (


Message History

Bianca blinks!
You hit the orc priest but do no damage.
The orc priest is lightly wounded.
You barely miss the orc priest.
The orc priest is lightly wounded.
The orc priest hits you with a +0 club. The orc misses you.
A magic dart appears from out of thin air!
The magic dart hits you!
You are too injured to fight recklessly!
You are too injured to fight recklessly!
You closely miss the orc priest.
The orc priest is lightly wounded.
You barely miss the orc priest.
The orc priest is lightly wounded.
The orc priest misses you. The orc barely misses you.
You hit the orc priest but do no damage.
The orc priest is lightly wounded.
You hit the orc priest.
The orc priest is heavily wounded.
The orc priest hits you with a +0 club. The orc hits you with a +0 mace.
You hit the orc priest.
The orc priest is severely wounded.
You hit the orc priest but do no damage.
The orc priest is severely wounded.
The orc priest hits you with a +0 club. The orc hits you with a +0 mace.
* * * LOW HITPOINT WARNING * * *
Something hits you.
* * * LOW HITPOINT WARNING * * *
Space warps around you.
* * * LOW HITPOINT WARNING * * *
You hit the orc priest but do no damage.
The orc priest is severely wounded.
The orc hits you with a +0 mace.
* * * LOW HITPOINT WARNING * * *
The orc priest hits you with a +0 club.
* * * LOW HITPOINT WARNING * * *
Something hits you.
* * * LOW HITPOINT WARNING * * *
Space warps horribly around you!!
You die...

..............##
..............# #.....
..............# ......
..............# #......
.............## .......
.............####.......
..............##..R.....
............#.##o.......
............##.#@o......
.... ......# #..........
...... ##.........
#....# #........# #####
###.###### ..# #.# #. ..


You could see the friendly Bianca the knight, an orc priest and an orc.

Vanquished Creatures
  Psyche (D:8)
  An orc warrior (D:6)
  An ogre (D:7)
  A centaur (D:8)
  2 phantoms
  A bullfrog (D:6)
  2 wights (D:7)
  2 killer bees (D:8)
  A hound (D:7)
  A jelly (D:6)
  A gnoll shaman (D:7)
  4 iguanas
  5 gnolls
  3 adders
  A white imp (D:6)
  3 worms
  8 dart slugs
  12 orcs
  6 ball pythons
  3 bats
  11 endoplasms
  5 giant cockroaches
  4 goblins
  5 hobgoblins
  2 quokkas
  8 frilled lizards
  8 kobolds
  6 rats
108 creatures vanquished.

Vanquished Creatures (collateral kills)
  A wyvern (D:8)
  Edmund (D:6)
  An acid dragon (D:8)
  An orc warrior (D:8)
  2 black bears (D:7)
  An ice beast (D:7)
  A centaur (D:5)
  Blork the orc (D:5)
  2 gnoll sergeants
  A wight (D:7)
  A killer bee (D:8)
  A jelly (D:5)
  An orc priest (D:5)
  An iguana (D:5)
  9 orc wizards
  10 gnolls
  An adder (D:4)
  An ufetubus (D:5)
  7 orcs
44 creatures vanquished.

Vanquished Creatures (others)
  2 knights
  12 plants (D:3)
14 creatures vanquished.

Grand Total: 166 creatures vanquished

Notes
Turn   | Place    | Note
-------+----------+-------------------------------------------
     0 | D:1      | Bruhh the Human Monk began the quest for the Orb.
     0 | D:1      | Reached XP level 1. HP: 18/18 MP: 1/1
   171 | D:1      | Reached XP level 2. HP: 21/24 MP: 2/2
   470 | D:1      | Found Jocw's Armour Shoppe.
   507 | D:1      | Reached skill level 4 in Long Blades
   507 | D:1      | Reached XP level 3. HP: 29/29 MP: 3/3
  1163 | D:2      | Found Vuloon's Jewellery Emporium.
  1533 | D:2      | Reached XP level 4. HP: 30/35 MP: 4/4
  1953 | D:3      | Reached skill level 5 in Long Blades
  2041 | D:3      | Found a faded altar of an unknown god.
  2500 | D:4      | Reached XP level 5. HP: 31/41 MP: 5/5
  2632 | D:3      | Prayed at the altar of an unknown god.
  2632 | D:3      | Became a worshipper of Hepliaklqana the Forgotten
  2632 | D:3      | Reached * piety under Hepliaklqana
  2632 | D:3      | Reached ** piety under Hepliaklqana
  2634 | D:3      | Remembered your ancestor Bianca as a knight
  2769 | D:4      | Noticed a phantom
  2785 | D:4      | Killed a phantom
  2786 | D:4      | Reached skill level 6 in Long Blades
  2786 | D:4      | Reached XP level 6. HP: 33/42 MP: 3/6
  3002 | D:4      | Found Rukyo's Firing Range.
  3146 | D:4      | Reached *** piety under Hepliaklqana
  3974 | D:5      | Entered Level 5 of the Dungeon
  4068 | D:5      | Reached skill level 7 in Long Blades
  4449 | D:5      | Reached XP level 7. HP: 20/46 MP: 2/7
  4825 | D:5      | Reached skill level 8 in Long Blades
  4955 | D:5      | Noticed Blork the orc
  4966 | D:5      | Killed Blork the orc
  5302 | D:5      | Reached **** piety under Hepliaklqana
  5821 | D:6      | Found a staircase to the Ecumenical Temple.
  5870 | D:6      | Reached XP level 8. HP: 46/52 MP: 6/8
  6041 | D:6      | Reached skill level 1 in Invocations
  6158 | D:6      | Reached skill level 9 in Long Blades
  6617 | D:6      | Found a shimmering blue altar of Sif Muna.
  6733 | D:6      | Noticed Edmund
  6754 | D:6      | Killed Edmund
  7104 | D:7      | Found an ornate altar of the Wu Jian Council.
  7298 | D:7      | Reached XP level 9. HP: 56/56 MP: 7/12
  7301 | D:7      | Reached skill level 10 in Long Blades
  7349 | D:7      | Found a stormy altar of Qazlal.
  7349 | D:7      | Found a sacrificial altar of Ru.
  7350 | D:7      | Found a shadowy altar of Dithmenos.
  7375 | D:7      | Reached skill level 5 in Invocations
  8049 | D:8      | Noticed Psyche
  8057 | D:8      | Paralysed by Psyche for 4 turns
  8070 | D:8      | Killed Psyche
  8071 | D:8      | Reached skill level 5 in Fighting
  8697 | D:8      | Reached XP level 10. HP: 67/71 MP: 12/14
  8840 | D:8      | Mangled by an orc wizard

Illustrated notes

Levels and vault maps discovered:
D:1:      eino_arrival_water_cross, layout_loops_cross, serial_shops,
          nicolae_shop_behind_doors, hangedman_decor_slide_cut,
          supply_closet_lemuel, chequers_hall_statues_corner_a
D:2:      layout_loops_ring, serial_shops, nicolae_diamond_shop,
          grunt_decor_clamped
D:3:      kennysheep_slugbush, layout_loops_ring,
          dilly_ecumenical_altar_fadedgnrine
D:4:      layout_loops_ring, nicolae_shop_firing_range
D:5:      layout_gridville, uniq_blork_the_orc
D:6:      layout_basic, overflow_temple_1_default,
          minmay_temple_entry_junction_2, uniq_edmund
D:7:      layout_basic, gammafunk_temple_overflow_claw,
          mainiacjoe_overflow_small_starburst
D:8:      layout_cave_pods, st_stairs_7, nicolae_shop_clearance, uniq_psyche

Skill      XL: |  1  2  3  4  5  6  7  8  9 |
---------------+----------------------------+-----
Long Blades    | 4 5 6 7 8 9 10 | 10.0
Invocations    | 4 6 |  6.0
Fighting       | 7 |  7.8
Dodging        | |  3.0
Stealth        | |  2.0

Action                   |  1- 3 |  4- 6 |  7- 9 | 10-12 || total
-------------------------+-------+-------+-------+-------++-------
Melee: Falchion          |    77 |       |       |       ||    77
       Short sword       |    31 |   142 |   212 |    30 ||   415
       Punch             |     1 |     1 |     4 |       ||     6
Invok: Ancestor Life: Kn |       |     1 |       |       ||     1
       Ancestor Identity |       |     1 |       |       ||     1
       Recall Ancestor   |       |       |     1 |       ||     1
       Idealise          |       |       |     1 |       ||     1
  Use: Potion            |     1 |     1 |     6 |       ||     8
 Stab: Sleeping          |    13 |     5 |     1 |       ||    19
       Distracted        |       |       |     1 |       ||     1
Armor: Robe              |    19 |     5 |    11 |     1 ||    36
Dodge: Dodged            |    65 |    71 |   100 |    14 ||   250

Table legend: (Time is in decaauts)
 A = Elapsed time spent in this place.
 B = Non-inter-level travel time spent in this place.
 C = Inter-level travel time spent in this place.
 D = Time resting spent in this place.
 E = Time spent auto-exploring this place.
 F = Levels seen in this place.
 G = Mean time per level.
                   A        B        C        D        E       F      G
               +--------+--------+--------+--------+--------+-----+--------+
         Total |   8681 |   8456 |    225 |     13 |   7261 |   8 | 1085.1 |
       Dungeon |   8681 |   8456 |    225 |     13 |   7261 |   8 | 1085.1 |
               +--------+--------+--------+--------+--------+-----+--------+

Top non-repeatable levels by time:
     D:5: 1559 daAuts
     D:6: 1500 daAuts
     D:4: 1410 daAuts
     D:1: 945 daAuts
     D:7: 874 daAuts
     D:8: 813 daAuts
     D:3: 805 daAuts
     D:2: 772 daAuts
